 Dungeon Crawl Stone Soup version 0.28-a0-124-g73ec313a74 (webtiles) character file.

Game seed: 1625721053073216056

104 Ezendos the Skirmisher (level 4, -1/33 HPs)
             Began as an Octopode Fighter on Aug 14, 2021.
             Slain by a phantom (5 damage)
             ... on level 4 of the Dungeon.
             The game lasted 00:05:05 (3487 turns).

Ezendos the Skirmisher (Octopode Fighter)           Turns: 3487, Time: 00:05:05

Health: -1/33      AC:  1    Str: 15    XL:     4   Next: 80%
Magic:  4/4        EV: 11    Int: 11    God:
Gold:   66         SH:  8    Dex: 11    Spells: 3/3 levels left

rFire   . . .      SeeInvis .   a - +0 long sword
rCold   + . .      Faith    .   b - +0 kite shield
rNeg    . . .      Spirit   .   (helmet restricted)
rPois   +          Reflect  .   (no amulet)
rElec   .          Harm     .   d - ring of protection from cold
rCorr   .          Rampage  .   e - ring of poison resistance
Will    .....                   (no ring)
Stlth   +++.......              (no ring)
HPRegen 0.11/turn               (no ring)
MPRegen 0.09/turn               (no ring)
                                (no ring)
                                (no ring)

@: flying
A: almost no armour, amphibious, 8 rings, camouflage 1, gelatinous body 1,
(nimble swimmer 1), tentacles
a: no special abilities


You were on level 4 of the Dungeon.
You visited 1 branch of the dungeon, and saw 4 of its levels.

You collected 131 gold pieces.
You spent 65 gold pieces at shops.

Inventory:

Hand Weapons
 a - a +0 long sword (weapon)
Missiles
 f - 17 poisoned darts (quivered)
Armour
 b - a +0 kite shield (worn)
Jewellery
 d - a ring of protection from cold (left tentacle)
 e - a ring of poison resistance (right tentacle)
 g - a +6 ring of dexterity
Scrolls
 h - a scroll of magic mapping {unknown}
 i - 2 scrolls of enchant weapon
 k - a scroll of teleportation
Potions
 c - 2 potions of might
 j - a potion of attraction
 l - a potion of heal wounds {unknown}
 m - 2 potions of flight


   Skills:
 * Level 3.7 Fighting
 * Level 2.8 Long Blades
 + Level 3.3 Dodging
 - Level 3.0 Stealth
 + Level 3.3 Shields


You had 3 spell levels left.
You didn't know any spells.
Your spell library was empty.

Dungeon Overview and Level Annotations

Branches:
Dungeon (4/15)
 Temple: D:4-7

Altars:

Shops:
D:1 ?


Innate Abilities, Weirdness & Mutations

You cannot wear most types of armour.
You are amphibious.
You can wear up to eight rings at the same time.
Your skin changes colour to match your surroundings (Stealth+).
Your rubbery body absorbs attacks. (AC +1, EV +1)
((You are camouflaged near water. (Stealth+)))
You have tentacles for arms and can constrict up to eight enemies at once.


Message History

There is a stone staircase leading up here.
You barely miss the orc.
The orc shouts!
Your grab misses the orc. The dart slug launches a dart at you.
The slug dart misses you. The orc barely misses you.
You riposte.
You hit the orc. You grab the orc.
The orc is heavily wounded.
You slash the orc!
You kill the orc!
Things that are here:
a +0 club; an orc corpse The dart slug launches a dart at you.
You block the slug dart. You block the dart slug's attack.
You hit the dart slug. You grab the dart slug.
The dart slug is heavily wounded.
You constrict the dart slug. The dart slug bites you.
You hit the dart slug.
You kill the dart slug!
No target in view!
No target in view!
The phantom hits you.
There is a stone staircase leading up here.
You barely miss the phantom. The phantom hits you!
The phantom blinks!
You blink.
The phantom hits you!
The phantom blinks!
You blink.
You closely miss the phantom. Your squeeze misses the phantom.
The phantom closely misses you.
You riposte.
You completely miss the phantom.
Your shield prevents you from hitting the phantom.
Your squeeze misses the phantom. The phantom closely misses you.
You riposte.
You hit the phantom.
The phantom is lightly damaged.
The phantom hits you!
* * * LOW HITPOINT WARNING * * *
Okay, then.
Okay, then.
It was a potion of flight.
You feel very buoyant.
You fly up into the air.
The phantom hits you.
You die...

.... #.#####.#..#
.#........ . #
...#....###.
#.###..#.......
...........#
####....#....##
........#...W.#
#.#...#@#
#.......#
##......#
#..##......#.#
........<)....#
..............#
.................
......[.......###
.......######.#


You could see a phantom.

Vanquished Creatures
  3 adders
  A shadow imp (D:3)
  2 dart slugs
  An orc (D:4)
  8 bats
  5 endoplasms
  A giant cockroach (D:3)
  9 goblins
  6 hobgoblins
  6 jackals
  7 kobolds
  2 ball pythons (D:2)
  2 frilled lizards
  4 rats
57 creatures vanquished.

Notes
Turn   | Place    | Note
-------+----------+-------------------------------------------
     0 | D:1      | Ezendos the Octopode Fighter began the quest for the Orb.
     0 | D:1      | Reached XP level 1. HP: 16/16 MP: 1/1
    51 | D:1      | Reached skill level 1 in Stealth
    65 | D:1      | Reached XP level 2. HP: 16/21 MP: 2/2
   442 | D:1      | Found a faded altar of an unknown god.
   607 | D:1      | Found Waud's Magic Scroll Emporium.
  1153 | D:2      | Reached XP level 3. HP: 21/26 MP: 3/3
  1696 | D:2      | Reached XP level 4. HP: 7/31 MP: 4/4
  2539 | D:1      | Bought a scroll of teleportation for 39 gold pieces
  2539 | D:1      | Bought a scroll of identify for 26 gold pieces
  3459 | D:4      | Noticed a phantom
  3487 | D:4      | Slain by a phantom

Illustrated notes

Levels and vault maps discovered:
D:1:      dpeg_arrival_stonehenge_12_columns, layout_basic, serial_aquarium,
          aquarium_bridge_square [aquarium_subvault_wall,
          aquarium_subvault_bridge, aquarium_subvault_wall,
          aquarium_subvault_wall], aquarium_window_corner,
          aquarium_window_corridor_1, aquarium_view_2e, aquarium_view_2b,
          aquarium_balcony_3a, aquarium_pool_corner, serial_shops, shop,
          ebering_ecumenical_altar_hall
D:2:      layout_basic, serial_curves, eino_curves_04, eino_curves_01
D:3:      layout_loops_ring, minmay_misc_feat_roman,
          hangedman_decor_clover_reticule
D:4:      layout_basic, grunt_dithmenos_smoke_and_mirrors, uniq_menkaure,
          uniq_duvessa

Skill      XL: |  1  2 |
---------------+-------+-----
Stealth        | 2 3 |  3.0
Fighting       | |  3.7
Long Blades    | |  2.8
Dodging        | |  3.3
Shields        | |  3.3

Action                   |  1- 3 |  4- 6 || total
-------------------------+-------+-------++-------
Melee: Long sword        |    68 |    34 ||   102
       Constrict         |    23 |     8 ||    31
       Tentacles         |    16 |     5 ||    21
Throw: Dart              |       |     1 ||     1
  Use: Scroll            |       |     2 ||     2
       Potion            |       |     1 ||     1
 Stab: Sleeping          |     8 |     5 ||    13
Armor: Skin              |     8 |       ||     8
Dodge: Dodged            |    34 |    11 ||    45
Block: Kite shield       |    39 |    13 ||    52
       Rpst.: Long sword |    13 |     6 ||    19

Table legend: (Time is in decaauts)
 A = Elapsed time spent in this place.
 B = Non-inter-level travel time spent in this place.
 C = Inter-level travel time spent in this place.
 D = Time resting spent in this place.
 E = Time spent auto-exploring this place.
 F = Levels seen in this place.
 G = Mean time per level.
                   A        B        C        D        E       F      G
               +--------+--------+--------+--------+--------+-----+--------+
         Total |   3541 |   3351 |    190 |    524 |   2363 |   4 |  885.2 |
       Dungeon |   3541 |   3351 |    190 |    524 |   2363 |   4 |  885.2 |
               +--------+--------+--------+--------+--------+-----+--------+

Top non-repeatable levels by time:
     D:2: 1430 daAuts
     D:1: 1224 daAuts
     D:3: 850 daAuts
     D:4: 36 daAuts
